AoeStats
← [PLGRS]socrates'11

Arabian Desert

509357774Analyzed
1v1 RM · 7d ago on Sep 26, 2026· 34m 33s· 2 players
Game mode
Random Map
Map size
Tiny (2 player)
Population
200
Speed
Normal
Resources
Standard
Victory
Conquest
Starting age
Dark Age
Ending age
Imperial Age
RankedLock teamsTeams togetherTeam positionsShared explorationLock speedFull tech treeHidden civsTurbo modeCheats
Victory
Defeat
🇺🇸 Danes · United States
1007
+17
🇨🇴 Aztecs · Colombia
1027
-17
[PLGRS]socrates'11
12:22 Feudal Age
10:39 Loom
12:49 Double-Bit Axe
12:29 Man-at-Arms
17:35 Forging
24:25 Castle Age
22:20 Fletching
24:31 Long Swordsman
26:04 Iron Casting
26:05 Bow Saw
26:56 Stone Mining
27:49 Horse Collar
28:55 Scale Mail Armor
32:36 Gold Mining
33:04 Arson
sancocho1503
2:56 Loom
9:44 Feudal Age
11:13 Wheelbarrow
13:26 Scale Mail Armor
16:25 Double-Bit Axe
17:13 Forging
16:58 Fletching
21:17 Horse Collar
25:34 Castle Age
24:15 Gold Mining
25:37 Crossbowman
29:13 Bow Saw
29:01 Town Watch
31:38 Bodkin Arrow
32:39 Hand Cart
32:26 Town Patrol
Connection lost

Rejoining the realm…

Still unreachable

The connection could not be restored.

Session expired

The server has moved on; the page needs a fresh start.